 Dungeon Crawl Stone Soup version 0.29-a0-284-gf9362112df (webtiles) character file.

Game seed: 4745667931095282845

3290 sammy202020 the Fighter (level 9, -2/114 HPs)
             Began as a Demonspawn Berserker on Mar 28, 2022.
             Was a Priest of Trog.
             Slain by an unseen horror (9 damage)
             ... on level 8 of the Dungeon.
             The game lasted 00:11:41 (6278 turns).

sammy202020 the Fighter (Demonspawn Berserker)      Turns: 6278, Time: 00:11:41

Health: -2/114     AC: 12    Str: 20    XL:     9   Next: 69%
Magic:  9/9        EV: 10    Int: 10    God:    Trog [***...]
Gold:   510        SH:  0    Dex: 13    Spells: 8/8 levels left

rFire   . . .      SeeInvis .   a - +1 hand axe
rCold   . . .      Faith    .   (no shield)
rNeg    . . .      Spirit   .   g - +1 chain mail
rPois   +          Reflect  .   (no helmet)
rElec   .          Harm     .   (cloak unavailable)
rCorr   .          Rampage  .   x - +0 pair of gloves
Will    .....                   (no boots)
Stlth   ..........              u - amulet of regeneration
HPRegen 1.09/turn               p - ring of poison resistance
MPRegen 0.22/turn               (no ring)

@: berserking (expiring), very quick
A: magic regeneration, sturdy frame 2, demonic magic 1, weakness stinger 3
a: Renounce Religion, Berserk, Trog's Hand


You were on level 8 of the Dungeon.
You worshipped Trog.
Trog was most pleased with you.
You visited 1 branch of the dungeon, and saw 8 of its levels.

You collected 510 gold pieces.

Inventory:

Hand Weapons
 a - a +1 hand axe (weapon)
 y - a +0 war axe
 D - a +2 vorpal flail
Missiles
 i - 2 silver javelins (quivered)
 k - 10 poisoned darts
 l - 3 boomerangs
 n - 2 atropa-tipped darts
 o - 4 curare-tipped darts
 t - a throwing net
Armour
 g - a +1 chain mail (worn)
 h - +0 fire dragon scales
 x - a +0 pair of gloves (worn)
Jewellery
 p - a ring of poison resistance (left hand)
 u - an amulet of regeneration (around neck)
 w - a +6 ring of dexterity
Wands
 e - a wand of acid (11)
 q - a wand of flame (1)
Scrolls
 b - 2 scrolls of blinking
 d - 3 scrolls of teleportation
 s - a scroll of fog
 z - 3 scrolls of identify
 A - a scroll of summoning {unknown}
 B - 2 scrolls of enchant weapon
Potions
 c - a potion of degeneration
 f - 5 potions of might
 j - 7 potions of curing
 r - 2 potions of brilliance {unknown}
 v - a potion of lignification {unknown}
 C - a potion of cancellation {unknown}


   Skills:
 * Level 9.2 Fighting
 * Level 8.5 Axes
 + Level 5.9 Armour
 - Level 1.7 Dodging


You had 8 spell levels left.
You didn't know any spells.
Your spell library was empty.

Dungeon Overview and Level Annotations

Branches:
Dungeon (8/15)             Temple (0/1) D:4
   Lair: D:8-11

Altars:
Xom

Shops:
D:2 [   D:5 *

Annotations:
D:8 1 transporter


Innate Abilities, Weirdness & Mutations

You regenerate magic rapidly.
Your movements are less encumbered by armour. (ER -4)
Spells you cast may paralyse adjacent enemies.
You have a sharp stinger which inflicts weakening toxins.


Message History

* * * LOW HITPOINT WARNING * * *
You slash Cecur's ghost!
Your tail-slap misses Cecur's ghost.
Cecur's ghost is almost destroyed.
You hit something. Something hits you.
* * * LOW HITPOINT WARNING * * *
Cecur's ghost says, "I didn't need trinkets in life, I don't need them now."
Cecur's ghost casts a spell at you. The stone arrow misses you.
You slash Cecur's ghost!
You destroy Cecur's ghost!
Trog accepts your kill.
Trog appreciates your killing of a magic user.
Your Fighting skill increases to level 9!
Something hits you but does no damage. x2
You barely miss the gnoll shaman. You tail-slap the gnoll shaman!
The gnoll shaman looks weaker.
The gnoll shaman is severely wounded.
You hit something.
Your skin stops crawling.
You feel less strong-willed. Something hits you but does no damage.
You hit the gnoll shaman. You tail-slap the gnoll shaman.
The gnoll shaman is almost dead.
You barely miss something. Something hits you but does no damage.
The gnoll shaman hits you but does no damage.
You hit the gnoll shaman.
You feel the power of Trog in you as your rage grows.
You kill the gnoll shaman!
Trog accepts your kill.
You hit something. Something hits you.
* * * LOW HITPOINT WARNING * * *
Something hits you but does no damage.
Things that are here:
a +0 club; a +0 chain mail; a gnoll corpse You feel a strong urge to attack something.
Something hits you.
* * * LOW HITPOINT WARNING * * *
Something hits you.
* * * LOW HITPOINT WARNING * * *
Something hits you!
You die...

.##.##...###...###...##...##.####
.....<...............#..........#
................................#
.................©...).......)..'
######.......#########....##...##
#......##8..[..8##...##...##
#....).#©........#..........
#......#.#.){..#.#..........
#......#..#@..#..#..........
#......#....©....#..........
#......#..#...#..#..........
######......#.#.....#.#..........
#...##......#.........#...###..##
.....'......##8.$)[.8##..####+###
.....#.......#########...........
.....#...........©...............
....(#...........................


There were no monsters in sight!

Vanquished Creatures
  The ghost of Cecur the Destroyer, a novice OpEE of Jiyva (D:8)
  A hornet (D:7)
  Sigmund (D:3)
  A wyvern (D:7)
  A steam dragon (D:8)
  An ice beast (D:7)
  2 black bears
  2 sky beasts
  3 ogres
  5 phantoms
  2 centaurs
  2 bullfrogs
  4 scorpions
  A killer bee (D:8)
  A howler monkey (D:4)
  2 jellies (D:4)
  A gnoll shaman (D:8)
  A hound (D:5)
  Jessica (D:3)
  An iguana (D:6)
  3 orc wizards
  A gnoll (D:1)
  7 adders
  A shadow imp (D:8)
  2 white imps
  An ufetubus (D:5)
  2 worms
  5 dart slugs
  9 orcs
  11 ball pythons
  4 endoplasms
  2 giant cockroaches
  4 goblins
  5 hobgoblins
  4 jackals (D:3)
  4 quokkas
  7 bats
  2 frilled lizards
  6 kobolds
  7 rats
121 creatures vanquished.

Vanquished Creatures (others)
  An orc wizard (D:7)
1 creature vanquished.

Grand Total: 122 creatures vanquished

Notes
Turn   | Place    | Note
-------+----------+-------------------------------------------
     0 | D:1      | sammy202020 the Demonspawn Berserker began the quest for
                  | the Orb.
     0 | D:1      | Reached XP level 1. HP: 18/18 MP: 1/1
   384 | D:1      | Gained mutation: You have a small tail. [demonic ancestry]
   384 | D:1      | Reached XP level 2. HP: 19/24 MP: 2/2
   712 | D:1      | Gained mutation: You regenerate magic rapidly. [demonic
                  | ancestry]
   712 | D:1      | Reached XP level 3. HP: 26/29 MP: 3/3
  1271 | D:2      | Reached ** piety under Trog
  1372 | D:2      | Found a faded altar of an unknown god.
  1462 | D:2      | Found Sarpheko's Armour Boutique.
  1815 | D:3      | Noticed Jessica
  1818 | D:3      | Killed Jessica
  1819 | D:3      | Reached skill level 4 in Fighting
  1819 | D:3      | Gained mutation: You have a tail ending in a sharp stinger.
                  | [demonic ancestry]
  1819 | D:3      | Reached XP level 4. HP: 37/37 MP: 4/4
  2004 | D:3      | Noticed Sigmund
  2025 | D:3      | Killed Sigmund
  2026 | D:3      | Gained mutation: Your movements are slightly less
                  | encumbered by armour. (ER -2) [demonic ancestry]
  2026 | D:3      | Reached XP level 5. HP: 15/43 MP: 5/5
  2450 | D:3      | Reached XP level 6. HP: 47/50 MP: 6/6
  2816 | D:4      | Reached skill level 5 in Fighting
  2958 | D:4      | Found a staircase to the Ecumenical Temple.
  3105 | D:4      | Reached skill level 5 in Axes
  3225 | D:4      | Gained mutation: You have a sharp stinger which inflicts
                  | weakening toxins. [demonic ancestry]
  3225 | D:4      | Reached XP level 7. HP: 56/56 MP: 7/7
  3269 | D:5      | Entered Level 5 of the Dungeon
  3334 | D:5      | Reached skill level 6 in Fighting
  3471 | D:5      | Reached *** piety under Trog
  3529 | D:5      | Found a shimmering altar of Xom.
  3613 | D:5      | Gained mutation: Spells you cast may paralyse adjacent
                  | enemies. [demonic ancestry]
  3613 | D:5      | Reached XP level 8. HP: 64/65 MP: 8/8
  3802 | D:5      | Found Unoig's General Store.
  3954 | D:6      | Reached skill level 7 in Fighting
  4985 | D:7      | Reached skill level 5 in Armour
  5009 | D:7      | Reached skill level 8 in Fighting
  5009 | D:7      | Gained mutation: Your movements are less encumbered by
                  | armour. (ER -4) [demonic ancestry]
  5009 | D:7      | Reached XP level 9. HP: 54/74 MP: 9/9
  5768 | D:8      | Noticed Cecur's ghost (novice OpEE)
  5883 | D:8      | Found a transporter.
  5886 | D:8      | Found a transporter.
  6271 | D:8      | Killed Cecur's ghost
  6272 | D:8      | Reached skill level 9 in Fighting
  6278 | D:8      | Slain by an unseen horror

Illustrated notes

Levels and vault maps discovered:
D:1:      saegor_arrival_simple_a, layout_loops_ring, minmay_misc_feat_doors,
          serial_park_tiny_2
D:2:      layout_basic, serial_shops, nicolae_shop_waterfront,
          basic_ecumenical_altar, dk_noncrumbling_4
D:3:      layout_loops_ring, uniq_sigmund, uniq_jessica
D:4:      layout_rooms, minmay_temple_entry_mist
D:5:      nicolae_cairo_tiling_very_big, layout_rooms, lemuel_round_altar,
          serial_shops, kennysheep_mini
D:6:      layout_basic
D:7:      layout_loops_corners, minivault_23
D:8:      layout_gridville, gammafunk_ghost_arena

Skill      XL: |  1  2  3  4  5  6  7  8  9 |
---------------+----------------------------+-----
Armour         | 2 3 4 5 |  5.9
Axes           | 3 4 5 6 7 8 |  8.5
Fighting       | 4 5 6 8 9 |  9.2
Dodging        | |  1.7

Action                   |  1- 3 |  4- 6 |  7- 9 || total
-------------------------+-------+-------+-------++-------
Melee: Hand axe          |   100 |   112 |   343 ||   555
       Tailslap          |     9 |    14 |    54 ||    77
       Punch             |     1 |       |     3 ||     4
Throw: Javelin           |       |       |     2 ||     2
Invok: Berserk           |       |     3 |     2 ||     5
       Trog's Hand       |       |     1 |     1 ||     2
  Use: Scroll            |       |    11 |     4 ||    15
Armor: Animal skin       |    10 |       |       ||    10
       Chain mail        |    36 |    60 |   203 ||   299
Dodge: Dodged            |    57 |    33 |   149 ||   239

Table legend: (Time is in decaauts)
 A = Elapsed time spent in this place.
 B = Non-inter-level travel time spent in this place.
 C = Inter-level travel time spent in this place.
 D = Time resting spent in this place.
 E = Time spent auto-exploring this place.
 F = Levels seen in this place.
 G = Mean time per level.
                   A        B        C        D        E       F      G
               +--------+--------+--------+--------+--------+-----+--------+
         Total |   6334 |   6234 |    100 |    182 |   4726 |   8 |  791.8 |
       Dungeon |   6334 |   6234 |    100 |    182 |   4726 |   8 |  791.8 |
               +--------+--------+--------+--------+--------+-----+--------+

Top non-repeatable levels by time:
     D:1: 1137 daAuts
     D:3: 1033 daAuts
     D:6: 966 daAuts
     D:7: 852 daAuts
     D:5: 673 daAuts
     D:4: 589 daAuts
     D:2: 567 daAuts
     D:8: 515 daAuts
